Map: Lerilak Crest

Players

blueant

  • Race: Terran Terran

Dedac - Winner!

  • Race: Protoss Protoss

VOD

Have the link to the VOD?

Description

How long can a ladder match go? We explore the limits with this match, you are going to want to fast forward through some of it.

Time

  • Played on: Oct. 22, 2015, 9:53 p.m.
  • Length: 72:48
Show
View Real Time Build Order
Export as new Build Order

blueant Terran 

Build Orders: Reaper Expand 

Get SALT Encoding   

  12  0:14  Supply Depot  
  12  0:16  SCV  
  14  0:28  SCV  
  14  0:34  Refinery  
  14  0:46  SCV  
  15  0:56  Barracks  
  15  0:59  SCV  
  16  1:12  SCV  
  17  1:25  Supply Depot  
  17  1:47  Command Center  
  17  1:56  Bunker  
  17  2:03  Marine  
  18  2:14  Orbital Command  
  18  2:27  Reaper  
  19  2:32  Supply Depot  
  19  2:45  Engineering Bay  
  19  2:47  SCV  
  20  3:01  SCV  
  21  3:16  SCV x2  
  23  3:20  Marine  
  24  3:31  Missile Turret  
  24  3:37  Marine  
  24  3:38  SCV  
  26  3:55  Marine  
  26  4:01  Missile Turret  
  27  4:10  SCV x2, Factory  
  29  4:24  Missile Turret  
  29  4:53  SCV x2  
  29  4:57  Factory Tech Lab  
  29  4:58  Marine  
  32  5:10  Starport  
  32  5:12  SCV x2  
  34  5:16  Marine  
  35  5:22  Missile Turret  
  35  5:27  Orbital Command  
  35  5:32  Widow Mine  
  37  5:39  Command Center, SCV  
  38  5:44  Missile Turret  
  38  5:47  Marine  
  39  5:50  Medivac  
  39  5:51  SCV  
  42  5:57  Barracks  
  42  5:59  Mag-Field Accelerator  
  42  6:03  Cyclone  
  45  6:20  Refinery  
  45  6:47  Refinery  
  45  7:56  Barracks Reactor  
  45  8:04  Barracks Tech Lab  
  45  8:05  Widow Mine  
  45  8:08  Medivac  
  49  8:22  Missile Turret  
  49  8:25  Refinery  
  49  8:26  Stimpack  
  49  9:15  Siege Tank  
  52  9:39  Starport Tech Lab  
  52  9:40  Armory  
  52  9:45  Starport  
  52  9:56  Widow Mine  
  52  9:58  Infernal Pre-Igniter  
  52  10:36  Thor  
  56  11:17  Starport Tech Lab  
  56  11:22  Explosive Shrapnel Shells  
  56  11:23  Unknown  
  56  11:25  Supply Depot  
  56  11:32  Starport  
  56  11:56  Banshee  
  59  12:32  Marauder  
  59  12:33  Marine  
  59  12:34  Marine  
  63  12:45  Banshee  
  66  12:51  Marine x2  
  66  12:53  Marauder  
  66  12:55  Fusion Core  
  64  13:04  Siege Tank  
  67  13:08  Starport Reactor  
  67  13:09  Marine x2  
  67  13:10  Cloaking Field  
  69  13:14  Marauder  
  71  13:27  Marine x2  
  73  13:36  Marauder  
  73  13:37  Liberator x2  
  75  13:45  Marine x2  
  83  13:57  Marauder  
  83  14:00  Missile Turret  
  84  14:02  Marine  
  84  14:05  Marine  
  81  14:11  Thor  
  79  14:51  Missile Turret  
  79  16:22  Raven  
  79  16:23  Marauder  
  79  16:24  Supply Depot  
  83  16:28  Liberator x2  
  89  17:35  Widow Mine  
  91  17:40  Medivac  
  87  18:04  Widow Mine  
  84  19:01  Missile Turret  
  84  19:07  Raven  
  86  19:13  Missile Turret, Terran Ship Weapons Level 1  
  86  19:32  Missile Turret  
  86  19:39  Missile Turret  
  86  19:57  Orbital Command  
  77  20:50  Missile Turret  
  77  21:17  Refinery  
  77  21:44  Marine x2  
  77  21:45  Marine  
  80  21:55  Bunker  
  80  21:57  Supply Depot  
  80  22:02  Marine x3  
  83  22:20  Marine x2  
  83  22:22  Refinery  
  79  25:22  Banshee  
  79  25:23  Banshee  
  79  27:25  Raven  
  81  27:31  Hi-Sec Auto Tracking  
  81  27:36  Hyperflight Rotors  
  81  27:41  Banshee  
  84  28:08  Banshee  
  84  28:09  Missile Turret  
  87  28:31  Missile Turret  
  84  29:53  Raven  
  84  29:56  Battlecruiser  
  92  30:05  SCV  
  93  30:17  SCV  
  93  30:18  Missile Turret  
  94  30:36  Banshee  
  97  30:59  Banshee  
  99  31:13  Bunker  
  99  31:24  Refinery  
  99  31:47  Weapon Refit  
  99  31:50  Refinery  
  99  32:16  Command Center  
  99  32:20  Bunker  
  99  32:30  Orbital Command  
  99  32:43  Factory  
  99  32:47  Supply Depot  
  99  32:48  Drilling Claws  
  99  33:09  Thor  
  105  33:29  SCV  
  106  33:45  Missile Turret  
  106  33:47  Factory Reactor  
  64  36:58  SCV  
  65  37:10  SCV  
  65  37:11  Missile Turret  
  66  37:22  Missile Turret  
  66  38:24  Widow Mine x2  
  70  38:37  Ghost Academy  
  70  38:38  Ghost Academy  
  70  38:46  SCV  
  71  38:52  Widow Mine x2  
  75  38:58  SCV  
  76  39:08  Nuke  
  76  39:09  Personal Cloaking, Ghost Academy  
  76  39:10  SCV  
  76  39:14  Supply Depot  
  77  39:21  Widow Mine x2  
  77  39:23  SCV  
  82  39:35  SCV  
  83  39:46  Nuke  
  83  39:49  Widow Mine x2  
  87  39:52  Missile Turret  
  87  39:56  Ghost  
  81  40:34  Nuke  
  77  41:10  Missile Turret  
  44  42:28  Ghost  
  46  42:34  Marine  
  46  42:35  Marine  
  48  42:52  Marine x2  
  48  42:57  Ghost  
  52  43:10  Marine x2  
  54  43:18  Hellion x2  
  58  43:21  Factory Tech Lab  
  58  43:25  Ghost  
  60  43:28  Banshee, Marine  
  64  43:39  Hellion x2  
  64  43:40  SCV  
  69  43:49  Combat Shields  
  69  43:52  SCV  
  69  43:54  Ghost  
  72  44:00  Hellion  
  68  44:13  Bunker  
  68  44:22  Ghost  
  68  44:38  Planetary Fortress  
  66  44:43  SCV  
  66  44:45  Bunker  
  67  44:55  SCV  
  68  45:12  Medivac  
  70  45:38  Hellion x2  
  74  45:59  Hellion x2  
  78  46:20  Hellion x2  
  42  47:11  Marine  
  42  47:12  Marine x2  
  44  47:29  Marine x2  
  45  47:37  Ghost  
  46  47:40  Siege Tank  
  51  47:47  Marine x2  
  53  48:05  Ghost, Marine x2  
  57  48:14  SCV  
  58  48:23  Banshee x2, Marine  
  65  48:28  Medivac  
  65  48:34  Ghost  
  69  48:47  Supply Depot  
  69  48:59  Medivac  
  69  49:02  Ghost  
  73  49:31  Ghost  
  68  50:31  Refinery  
  68  50:34  Refinery  
  68  50:48  Missile Turret  
  68  51:10  SCV  
  69  51:22  SCV  
  68  52:14  Siege Tank  
  49  53:10  Marauder  
  50  53:37  Medivac  
  52  54:13  Ghost  
  52  54:16  Terran Infantry Weapons Level 1  
  54  54:22  Factory  
  54  54:36  Missile Turret  
  54  54:42  Ghost  
  56  55:00  Missile Turret  
  56  55:10  Ghost  
  56  55:13  Missile Turret  
  58  55:33  Bunker  
  59  55:42  SCV  
  59  55:43  Barracks  
  59  57:29  Liberator  
  59  57:30  Liberator  
  59  57:39  Widow Mine  
  67  57:53  Banshee  
  67  57:54  Banshee  
  73  58:01  Marine x2  
  75  58:19  Marine x2  
  77  58:37  Marine  
  74  59:27  Marauder  
  74  59:29  Marine  
  77  59:34  SCV  
  78  59:49  Marauder  
  80  60:10  Marauder  
  82  60:32  Marauder  
  84  60:53  Marauder  
  84  60:55  Nuke x2  
  86  61:04  Missile Turret  
  86  61:27  Missile Turret  
  85  63:29  Thor  
  81  65:11  Orbital Command  
  81  65:47  Missile Turret  
  81  65:49  Nuke  
  81  65:50  Nuke x2  
  81  66:17  Missile Turret  
  81  66:21  Marauder  
  81  66:42  Missile Turret, Marauder  
  83  67:04  Marauder  
  85  67:09  Thor  
  85  67:12  Orbital Command  
  91  67:25  Marauder  
  93  67:40  Missile Turret  
  92  68:06  Marauder  
  83  68:36  SCV  
  84  68:48  SCV  
  82  69:12  Nuke x2  
  82  69:19  SCV  
  83  69:31  SCV  
  84  70:13  Missile Turret  
  84  70:25  SCV  
  85  70:36  Bunker  
  85  70:54  Banshee  
  85  70:56  Medivac  
  90  71:07  Bunker  
Show
View Real Time Build Order
Export as new Build Order

Dedac Protoss - Winner!

Build Orders:  

Get SALT Encoding   

  12  0:01  Probe (Chrono Boost)  
  13  0:12  Probe (Chrono Boost)  
  14  0:20  Pylon  
  14  0:22  Probe (Chrono Boost)  
  15  0:35  Assimilator  
  15  0:40  Probe (Chrono Boost)  
  15  0:42  Assimilator  
  16  0:51  Gateway  
  16  0:55  Probe (Chrono Boost)  
  17  1:05  Probe (Chrono Boost)  
  18  1:16  Probe (Chrono Boost)  
  19  1:21  Pylon  
  19  1:27  Probe (Chrono Boost)  
  20  1:37  Probe (Chrono Boost)  
  21  1:45  Cybernetics Core  
  21  1:48  Probe (Chrono Boost)  
  21  1:50  Forge  
  22  1:56  Zealot  
  24  2:08  Pylon  
  24  2:15  Pylon  
  24  2:20  Probe (Chrono Boost)  
  25  2:24  Warp Gate  
  25  2:30  Probe (Chrono Boost)  
  26  2:54  Nexus  
  24  3:51  Adept  
  24  3:55  Nexus  
  26  4:08  Assimilator  
  26  4:09  Probe (Chrono Boost)  
  27  4:14  Assimilator  
  27  4:17  Pylon  
  27  4:18  Adept  
  27  4:20  Probe (Chrono Boost)  
  30  4:30  Probe (Chrono Boost)  
  30  4:41  Probe (Chrono Boost)  
  33  4:45  Adept  
  33  4:52  Probe (Chrono Boost)  
  34  5:02  Probe (Chrono Boost)  
  35  5:07  Probe (Chrono Boost)  
  35  5:12  Adept  
  35  5:13  Probe (Chrono Boost)  
  39  5:18  Probe (Chrono Boost)  
  40  5:23  Probe (Chrono Boost)  
  40  5:25  Photon Cannon  
  40  5:27  Photon Cannon  
  42  5:28  Probe (Chrono Boost)  
  42  5:31  Photon Cannon  
  42  5:32  Photon Cannon  
  42  5:34  Probe (Chrono Boost)  
  43  5:37  Photon Cannon  
  43  5:39  Probe (Chrono Boost), Adept  
  46  5:44  Probe (Chrono Boost)  
  46  5:49  Probe (Chrono Boost), Assimilator  
  48  5:52  Assimilator  
  48  6:00  Probe (Chrono Boost)  
  49  6:04  Gateway  
  49  6:05  Gateway  
  49  6:07  Gateway  
  49  6:10  Probe (Chrono Boost)  
  50  6:18  Protoss Ground Weapons Level 1  
  50  6:24  Probe (Chrono Boost)  
  51  6:34  Probe (Chrono Boost)  
  51  6:37  Probe (Chrono Boost)  
  53  6:45  Probe (Chrono Boost)  
  53  6:48  Probe (Chrono Boost)  
  53  6:51  Mothership Core (Chrono Boost)  
  54  6:55  Probe (Chrono Boost)  
  54  6:58  Probe (Chrono Boost)  
  56  7:06  Probe (Chrono Boost)  
  56  7:16  Probe (Chrono Boost)  
  56  7:27  Probe (Chrono Boost)  
  57  7:37  Probe (Chrono Boost)  
  58  8:07  Probe (Chrono Boost)  
  59  8:13  Protoss Shields Level 1  
  59  8:18  Probe (Chrono Boost)  
  60  8:28  Probe (Chrono Boost)  
  61  8:39  Probe (Chrono Boost)  
  62  8:42  Nexus  
  62  8:43  Twilight Council  
  62  8:45  Nexus  
  62  8:46  Robotics Facility  
  62  8:50  Probe (Chrono Boost)  
  62  8:54  Stargate  
  63  8:58  Pylon  
  63  9:00  Pylon  
  63  9:02  Pylon  
  61  9:11  Probe (Chrono Boost)  
  62  9:22  Probe (Chrono Boost)  
  63  9:28  Gateway  
  63  9:30  Gateway  
  63  9:31  Gateway  
  63  9:32  Probe (Chrono Boost)  
  63  9:33  Gateway  
  64  9:42  Pylon  
  64  9:43  Probe (Chrono Boost)  
  65  9:47  Probe (Chrono Boost)  
  66  9:53  Probe (Chrono Boost)  
  66  9:54  Probe (Chrono Boost)  
  66  9:58  Probe (Chrono Boost)  
  66  9:59  Probe (Chrono Boost)  
  70  10:05  Probe (Chrono Boost)  
  69  10:07  Protoss Ground Armor Level 1  
  69  10:08  Probe (Chrono Boost), Photon Cannon  
  69  10:10  Probe (Chrono Boost)  
  69  10:11  Photon Cannon  
  72  10:14  Probe (Chrono Boost), Photon Cannon  
  72  10:15  Probe (Chrono Boost)  
  72  10:19  Probe (Chrono Boost)  
  72  10:20  Probe (Chrono Boost)  
  75  10:24  Probe (Chrono Boost)  
  75  10:26  Probe (Chrono Boost)  
  77  10:29  Probe (Chrono Boost)  
  77  10:31  Probe (Chrono Boost)  
  77  10:35  Probe (Chrono Boost)  
  78  10:36  Probe (Chrono Boost)  
  78  10:41  Probe (Chrono Boost)  
  80  10:45  Probe (Chrono Boost)  
  80  10:46  Pylon  
  81  10:56  Probe (Chrono Boost), Photon Cannon  
  82  11:10  Probe (Chrono Boost)  
  83  11:20  Probe (Chrono Boost)  
  83  11:21  Fleet Beacon  
  84  11:31  Probe (Chrono Boost)  
  84  11:32  Dark Shrine  
  85  11:35  Stalker x2  
  85  11:36  Stalker x3  
  85  11:37  Stalker x2  
  99  11:41  Probe (Chrono Boost)  
  98  11:52  Probe (Chrono Boost)  
  99  12:01  Protoss Ground Weapons Level 2  
  99  12:05  Pylon  
  99  12:07  Probe (Chrono Boost)  
  96  12:17  Photon Cannon  
  96  12:20  Photon Cannon  
  88  12:22  Photon Cannon  
  76  12:45  Dark Templar x3  
  76  12:46  Dark Templar x4  
  76  12:47  Dark Templar  
  89  13:01  Probe (Chrono Boost)  
  89  13:04  Probe (Chrono Boost)  
  91  13:09  Probe (Chrono Boost)  
  91  13:12  Probe (Chrono Boost)  
  93  13:14  Probe (Chrono Boost)  
  93  13:18  Dark Templar  
  93  13:19  Dark Templar x3  
  102  13:20  Dark Templar x3, Probe (Chrono Boost)  
  102  13:21  Dark Templar  
  102  13:22  Probe (Chrono Boost)  
  102  13:25  Probe (Chrono Boost)  
  112  13:30  Probe (Chrono Boost)  
  112  13:33  Probe (Chrono Boost)  
  114  13:35  Probe (Chrono Boost)  
  114  13:41  Probe (Chrono Boost)  
  116  13:43  Probe (Chrono Boost)  
  116  13:46  Probe (Chrono Boost)  
  117  13:51  Probe (Chrono Boost)  
  118  13:57  Mothership Core (Chrono Boost)  
  118  14:16  Protoss Shields Level 2  
  72  14:42  Dark Templar x4  
  72  14:43  Dark Templar x4  
  88  14:51  Probe (Chrono Boost)  
  88  14:55  Probe (Chrono Boost)  
  89  15:06  Probe (Chrono Boost)  
  83  15:16  Probe (Chrono Boost)  
  83  15:18  Dark Templar  
  83  15:19  Dark Templar x5  
  83  15:20  Dark Templar x2  
  99  15:27  Probe (Chrono Boost)  
  91  15:38  Probe (Chrono Boost)  
  73  16:08  Stalker x2  
  73  16:09  Stalker  
  73  16:10  Stalker x3  
  73  16:11  Stalker  
  85  16:12  Stalker  
  75  16:34  Probe (Chrono Boost)  
  75  16:38  Stalker x2  
  75  16:39  Stalker x2  
  81  16:40  Stalker  
  81  16:45  Probe (Chrono Boost)  
  84  16:52  Protoss Ground Weapons Level 3 (Chrono Boost)  
  84  16:54  Probe (Chrono Boost)  
  79  17:04  Probe  
  79  17:06  Stalker x2  
  79  17:07  Stalker x2  
  79  17:08  Stalker x2  
  90  17:15  Probe  
  90  17:21  Blink  
  91  17:24  Stalker x2  
  50  18:09  Stalker x2  
  52  18:14  Probe  
  53  18:25  Probe  
  51  18:48  Probe  
  51  18:53  Probe  
  53  18:58  Probe  
  53  19:03  Probe  
  53  19:09  Probe  
  54  19:11  Protoss Ground Armor Level 2 (Chrono Boost)  
  54  19:14  Probe  
  55  19:19  Probe  
  56  19:24  Probe  
  56  19:30  Probe  
  57  19:35  Probe  
  58  19:43  Nexus  
  57  19:46  Assimilator  
  57  19:50  Assimilator  
  57  19:51  Nexus  
  57  19:55  Assimilator  
  57  20:00  Assimilator  
  57  20:05  Nexus  
  57  20:07  Stalker  
  57  20:08  Stalker  
  57  20:09  Assimilator  
  61  20:14  Assimilator  
  45  20:41  Stalker  
  41  21:01  Probe  
  42  21:05  Probe  
  42  21:10  Protoss Shields Level 3 (Chrono Boost)  
  43  21:11  Probe  
  43  21:15  Probe x2  
  46  21:22  Probe  
  47  21:45  Probe  
  48  21:55  Probe  
  49  22:02  Probe  
  49  22:05  Probe  
  49  22:07  Probe  
  52  22:22  Mothership Core  
  54  22:31  Pylon  
  44  22:59  Probe  
  44  23:02  Probe  
  46  23:10  Probe  
  47  23:20  Probe  
  48  23:31  Probe  
  45  23:41  Probe  
  43  24:10  Mothership Core  
  45  24:28  Probe  
  45  24:30  Probe  
  47  24:39  Probe  
  47  24:40  Probe  
  49  24:49  Probe  
  49  24:51  Probe  
  51  24:56  Stalker  
  53  25:00  Probe  
  53  25:01  Probe  
  55  25:25  Probe  
  56  25:29  Probe  
  57  25:36  Probe  
  57  25:39  Probe  
  59  25:46  Probe  
  60  25:50  Probe  
  60  25:57  Probe  
  61  26:00  Probe  
  63  26:07  Probe  
  63  26:11  Probe  
  63  26:18  Probe  
  64  26:21  Pylon  
  64  26:22  Probe  
  65  26:28  Probe  
  65  26:32  Probe  
  66  26:35  Phoenix  
  69  26:47  Pylon  
  69  26:53  Photon Cannon  
  69  27:00  Phoenix  
  71  27:20  Pylon  
  71  27:26  Probe  
  71  27:27  Photon Cannon  
  72  27:30  Probe  
  73  27:37  Probe, Nexus  
  73  27:41  Probe  
  73  27:42  Photon Cannon  
  75  27:45  Photon Cannon  
  75  27:47  Probe  
  75  27:48  Pylon  
  76  27:51  Probe  
  76  27:58  Probe, Phoenix  
  86  28:09  Probe  
  87  28:13  Stalker  
  87  28:14  Stalker  
  91  28:22  Protoss Ground Armor Level 3 (Chrono Boost)  
  91  28:23  Phoenix  
  93  28:29  Pylon  
  93  28:48  Phoenix  
  95  28:55  Probe  
  96  29:06  Probe  
  97  29:16  Probe  
  98  29:27  Probe  
  98  29:28  Probe  
  100  29:37  Probe  
  100  29:38  Probe  
  100  29:41  Pylon  
  100  29:44  Pylon  
  102  29:48  Photon Cannon  
  102  29:49  Probe  
  102  29:52  Photon Cannon  
  103  29:55  Photon Cannon  
  103  30:00  Probe, Photon Cannon  
  104  30:10  Probe, Photon Cannon  
  104  30:12  Photon Cannon  
  105  30:17  Photon Cannon  
  105  30:21  Probe  
  105  30:24  Stalker  
  105  30:25  Stalker x2  
  105  30:26  Stalker x2  
  105  30:27  Stalker  
  118  30:31  Probe  
  118  30:34  Nexus  
  119  30:38  Assimilator  
  119  30:42  Probe  
  120  30:52  Probe, Pylon  
  121  30:57  Phoenix  
  123  31:22  Phoenix  
  123  31:23  Probe  
  126  31:33  Probe  
  126  31:36  Probe  
  128  31:44  Probe  
  128  31:46  Probe  
  129  31:47  Probe, Phoenix  
  133  31:54  Probe  
  133  31:57  Probe  
  133  32:00  Stalker x2  
  139  32:01  Stalker x2  
  139  32:02  Stalker  
  139  32:04  Stalker  
  139  32:05  Stalker, Probe  
  139  32:07  Stalker, Probe  
  152  32:12  Phoenix  
  155  32:18  Probe  
  155  32:22  Probe  
  156  32:29  Probe  
  157  32:33  Probe  
  159  32:37  Phoenix  
  159  32:39  Stalker x2, Probe  
  159  32:40  Stalker x3  
  159  32:41  Stalker x2  
  159  32:42  Stalker  
  159  32:43  Probe  
  179  33:02  Pylon  
  179  33:04  Pylon  
  179  33:07  Pylon  
  179  33:09  Pylon  
  179  33:19  Probe x2  
  181  33:29  Probe x2  
  183  33:40  Probe  
  184  33:50  Probe  
  185  34:01  Probe  
  174  34:11  Probe  
  120  35:14  Observer  
  121  35:29  Mothership Core  
  123  35:36  Stalker x4, Observer  
  123  35:37  Stalker  
  123  35:38  Stalker  
  123  35:39  Stalker x2  
  139  36:14  Stalker x3  
  139  36:15  Stalker  
  147  36:43  Pylon  
  147  36:47  Pylon  
  147  36:49  Pylon  
  147  36:52  Pylon  
  147  37:00  Pylon  
  147  37:01  Pylon  
  147  37:05  Stalker  
  147  37:06  Stalker x3  
  147  37:07  Stalker x2  
  159  37:22  Fleet Beacon  
  159  37:23  Stalker x2  
  163  37:52  Stalker  
  163  37:53  Stalker x4  
  163  37:54  Stalker  
  163  37:55  Stalker  
  163  37:56  Stalker  
  185  38:36  Assimilator  
  185  38:39  Assimilator  
  185  38:41  Phoenix  
  187  39:04  Stalker x2  
  187  39:05  Stalker x4  
  115  40:55  Nexus  
  115  41:12  Stalker x4  
  115  41:13  Stalker x2  
  115  41:14  Stalker  
  115  41:15  Stalker  
  96  42:08  Nexus  
  96  42:12  Assimilator  
  96  42:13  Stalker  
  96  42:14  Stalker x3  
  96  42:15  Stalker x4  
  109  42:16  Assimilator  
  104  42:25  Phoenix  
  106  42:34  Observer  
  107  42:41  Stalker x2  
  107  42:42  Stalker x4  
  107  42:43  Stalker  
  121  42:45  Stalker  
  121  42:50  Phoenix  
  125  42:55  Observer  
  126  43:00  Mothership Core  
  128  43:07  Stalker x3  
  128  43:08  Stalker  
  128  43:09  Stalker x2  
  128  43:10  Stalker  
  128  43:12  Stalker  
  144  43:15  Phoenix  
  144  43:16  Observer  
  147  43:40  Phoenix  
  144  44:05  Phoenix  
  144  44:08  Stalker  
  144  44:09  Stalker x3  
  154  44:10  Stalker x3  
  154  44:11  Stalker  
  160  44:29  Probe  
  161  44:35  Stalker  
  161  44:36  Stalker x2  
  161  44:37  Stalker x3  
  161  44:38  Stalker  
  175  44:40  Probe  
  173  44:50  Probe  
  174  45:01  Probe  
  175  45:11  Probe  
  172  45:28  Stalker x2  
  172  45:29  Stalker x2  
  172  45:30  Stalker  
  179  45:47  Anion Pulse-Crystals  
  112  47:50  Stalker  
  112  47:51  Stalker x3  
  116  47:52  Stalker x3  
  116  47:53  Stalker  
  128  48:07  Probe  
  129  48:16  Observer  
  129  48:18  Probe  
  136  48:28  Probe  
  136  48:37  Observer (Chrono Boost)  
  136  48:39  Probe  
  138  48:49  Probe  
  138  48:54  Stalker x2  
  138  48:55  Stalker  
  143  48:56  Stalker, Observer (Chrono Boost)  
  146  49:07  Probe  
  146  49:15  Observer (Chrono Boost)  
  147  49:18  Probe  
  148  49:28  Probe  
  147  49:33  Observer (Chrono Boost)  
  148  49:39  Probe  
  149  49:49  Probe  
  150  50:24  Phoenix  
  152  50:49  Phoenix  
  154  51:14  Phoenix  
  156  51:39  Phoenix  
  142  52:04  Phoenix  
  87  54:00  Nexus  
  87  54:23  Pylon  
  87  54:48  Photon Cannon  
  87  54:53  Nexus  
  87  55:29  Probe  
  88  55:40  Probe  
  89  55:45  Protoss Air Weapons Level 1  
  89  55:50  Probe  
  90  56:01  Probe  
  91  56:11  Probe  
  84  56:40  Stalker x2  
  84  56:41  Stalker x3  
  84  56:43  Probe  
  87  56:54  Probe  
  80  57:19  Observer (Chrono Boost)  
  82  57:37  Observer (Chrono Boost)  
  82  57:39  Protoss Air Armor Level 1  
  82  57:40  Probe  
  81  57:50  Probe  
  81  57:56  Observer (Chrono Boost)  
  83  58:01  Probe x2  
  85  58:11  Probe  
  83  58:15  Probe, Observer (Chrono Boost)  
  85  58:22  Probe  
  86  58:32  Probe  
  86  58:33  Observer (Chrono Boost)  
  82  58:56  Stalker  
  82  58:59  Stalker  
  86  59:06  Stalker  
  85  60:04  Probe  
  86  60:08  Probe  
  86  60:13  Nexus  
  87  60:40  Probe  
  88  60:43  Probe  
  89  60:50  Probe  
  90  61:01  Probe  
  90  61:11  Probe  
  91  61:22  Probe  
  89  61:58  Probe  
  90  62:06  Probe  
  91  62:09  Probe  
  92  62:17  Probe  
  92  62:19  Probe  
  94  62:27  Probe  
  95  62:30  Probe  
  95  62:34  Probe  
  97  62:38  Probe  
  97  62:40  Probe  
  99  62:44  Probe  
  99  62:48  Probe  
  101  62:54  Probe  
  101  62:55  Probe  
  103  63:00  Probe  
  104  63:05  Probe  
  104  63:10  Probe  
  106  63:16  Probe  
  107  63:21  Probe  
  108  63:31  Probe  
  109  63:42  Probe  
  79  64:04  Observer (Chrono Boost)  
  71  64:22  Observer (Chrono Boost)  
  71  64:23  Pylon  
  72  64:25  Pylon  
  72  64:41  Observer (Chrono Boost)  
  59  64:47  Probe  
  60  64:58  Probe  
  61  65:04  Nexus  
  61  65:08  Probe  
  62  65:19  Probe  
  62  65:22  Pylon  
  62  65:26  Pylon  
  62  65:29  Probe  
  62  65:40  Probe  
  62  65:42  Photon Cannon  
  61  65:45  Photon Cannon  
  61  65:47  Photon Cannon  
  60  65:50  Photon Cannon  
  60  65:56  Photon Cannon  
  60  65:58  Photon Cannon  
  60  65:59  Mothership Core  
  60  66:33  Probe  
  61  66:44  Probe  
  62  66:53  Stalker x2  
  62  66:54  Stalker x3, Probe  
  68  66:55  Stalker x2  
  68  66:56  Stalker  
  79  67:02  Probe  
  79  67:05  Probe  
  81  67:11  Probe  
  81  67:13  Probe  
  83  67:15  Probe  
  83  67:22  Probe  
  84  67:23  Probe  
  84  67:26  Probe  
  87  67:32  Probe  
  87  67:34  Probe  
  87  67:36  Probe  
  89  67:43  Probe  
  90  67:44  Probe  
  90  67:47  Probe  
  93  67:53  Probe  
  93  67:57  Probe  
  95  68:08  Probe  
  80  68:37  Stalker  
  80  68:38  Stalker x2  
  80  68:39  Stalker  
  80  68:40  Stalker x2  
  92  68:41  Stalker  
  92  68:43  Stalker  
  92  68:45  Probe  
  97  68:48  Probe  
  97  68:53  Probe  
  97  68:55  Probe  
  98  68:59  Probe  
  94  69:04  Probe  
  94  69:06  Probe  
  94  69:09  Probe  
  92  69:14  Probe  
  92  69:16  Probe  
  94  69:20  Probe  
  96  69:25  Probe  
  96  69:27  Probe  
  96  69:30  Probe  
  98  69:31  Pylon  
  98  69:35  Probe  
  98  69:37  Probe  
  101  69:48  Probe  
  101  69:58  Probe  
  105  70:23  Stalker x3  
  105  70:24  Stalker x3  
  105  70:25  Stalker x2  
  121  70:47  Probe  
  122  70:55  Probe  
  123  70:58  Probe  
  123  71:01  Assimilator  
  124  71:05  Assimilator  
  124  71:06  Probe  
  124  71:09  Probe  
  126  71:16  Probe  
  127  71:19  Probe  
  128  71:27  Probe  
  128  71:30  Probe  
  129  71:37  Probe  
  130  71:40  Probe  
  130  71:43  Pylon  
  130  71:45  Pylon  
  131  71:49  Pylon  
  131  71:51  Probe  
Tags
 
Add a new tag
Caveats
  • Supply blocks, unpowered buildings, or Contaminate may cause inaccurate times.
  • Supply counts are checked every 10 seconds.